EL
JACKSONVILLE SUNS @ PENSACOLA BLUE WAHOOS
09/02/2046
 
TOP OF THE 1ST
Jacksonville Suns batting - Pitching for Pensacola Blue Wahoos : LHP Ed Chavez
Pitching: LHP Ed Chavez
Batting: RHB Len Graham 0-0: Fly out, F4 (Popup, 4, EV 73.8 MPH)
Batting: RHB Rick Fell 0-0: Called Strike
0-1: Foul Ball, location: 2F
0-2: Ball
1-2: Foul Ball, location: 2F
1-2: Foul Ball, location: 2F
1-2: Ground out 5-3 (Groundball, 5, EV 79.4 MPH)
Batting: RHB Tom Thompson 0-0: Foul Ball, location: 2F
0-1: Ball
1-1: Foul Ball, location: 2F
1-2: Foul Ball, location: 2F
1-2: Foul Ball, location: 2F
1-2: Foul Ball, location: 2F
1-2: Ball
2-2: Foul Ball, location: 2F
2-2: Reached on error, E6 (Groundball, 6, EV 84.4 MPH)
Batting: LHB Adam Durgin 0-0: Foul Ball, location: 2F
0-1: Ball
Tom Thompson steals 2nd base
1-1: Ball
2-1: Called Strike
2-2: Strikes out swinging
Top of the 1st over - 0 runs, 0 hits, 1 error, 1 left on base; Jacksonville 0 - Pensacola 0
BOTTOM OF THE 1ST
Pensacola Blue Wahoos batting - Pitching for Jacksonville Suns : RHP Jorge Lara
Pitching: RHP Jorge Lara
Batting: SHB Bryan Johnston 0-0: Ball
1-0: SINGLE (Groundball, 4D, EV 96.9 MPH)
Batting: RHB Ryan Short 0-0: Ball
Bryan Johnston steals 2nd base
1-0: Ball
2-0: Ball
3-0: Called Strike
3-1: Base on Balls
Batting: RHB Dusty Pollert 0-0: Ball
1-0: Fielders Choice at 2nd, 3-6 (Groundball, 34, EV 102.5 MPH)
Bryan Johnston to third
Batting: SHB Kristian Kristensen 0-0: Ball
1-0: Called Strike
Dusty Pollert steals 2nd base
1-1: Fly out, F9 (Flyball, 9, EV 86.2 MPH)
Runner from 3rd tags up, SCORES, throw by RF
Dusty Pollert to third
Batting: RHB David Clough 0-0: Called Strike
0-1: Foul Ball, location: 2F
0-2: Ball
1-2: Ball
2-2: Foul Ball, location: 2F
2-2: Foul Ball, location: 2F
2-2: Ground out 3-1 (Groundball, 34S, EV 91.2 MPH)
Bottom of the 1st over - 1 run, 1 hit, 0 errors, 1 left on base; Jacksonville 0 - Pensacola 1
TOP OF THE 2ND
Jacksonville Suns batting - Pitching for Pensacola Blue Wahoos : LHP Ed Chavez
Batting: RHB Jake Shelton 0-0: Ball
1-0: Called Strike
1-1: Ball
2-1: Foul Ball, location: 2F
2-2: Ground out 6-3 (Groundball, 6, EV 80.0 MPH)
Batting: LHB Jose Bregaro 0-0: Called Strike
0-1: Foul Ball, location: 2F
0-2: Strikes out looking
Batting: RHB Gavin Helton 0-0: Swinging Strike
0-1: Foul Ball, location: 2F
0-2: Ball
1-2: Strikes out swinging
Top of the 2nd over - 0 runs, 0 hits, 0 errors, 0 left on base; Jacksonville 0 - Pensacola 1
BOTTOM OF THE 2ND
Pensacola Blue Wahoos batting - Pitching for Jacksonville Suns : RHP Jorge Lara
Batting: RHB Jon Marquez 0-0: Called Strike
0-1: Ball
1-1: Swinging Strike
1-2: Ground out 5-3 (Groundball, 56, EV 84.4 MPH)
Batting: RHB Tim Wormell 0-0: Foul Ball, location: 2F
0-1: Ball
1-1: Ball
2-1: Foul Ball, location: 2F
2-2: Ball
3-2: Ground out 6-3 (Groundball, 6, EV 78.1 MPH)
Batting: LHB Nick Nino 0-0: Fly out, F2 (Popup, 3SF, EV 76.2 MPH)
Bottom of the 2nd over - 0 runs, 0 hits, 0 errors, 0 left on base; Jacksonville 0 - Pensacola 1
TOP OF THE 3RD
Jacksonville Suns batting - Pitching for Pensacola Blue Wahoos : LHP Ed Chavez
Batting: LHB Mike Kara 0-0: Ball
1-0: Swinging Strike
1-1: Foul Ball, location: 2F
1-2: Ground out 6-3 (Groundball, 6, EV 89.4 MPH)
Batting: RHB Pat Peterson 0-0: Called Strike
0-1: Ball
1-1: Ball
2-1: Ground out 5-3 (Groundball, 56S, EV 83.8 MPH)
Batting: RHB Len Graham 0-0: Swinging Strike
0-1: Swinging Strike
0-2: SINGLE (Line Drive, 34D, EV 101.9 MPH)
Batting: RHB Rick Fell 0-0: Ball
Len Graham steals 2nd base
1-0: Called Strike
1-1: Ball
2-1: Ground out 6-3 (Groundball, 56, EV 98.8 MPH)
Top of the 3rd over - 0 runs, 1 hit, 0 errors, 1 left on base; Jacksonville 0 - Pensacola 1
BOTTOM OF THE 3RD
Pensacola Blue Wahoos batting - Pitching for Jacksonville Suns : RHP Jorge Lara
Batting: RHB Ben Hinman 0-0: Called Strike
0-1: Ground out 6-3 (Groundball, 6, EV 86.2 MPH)
Batting: SHB Bryan Johnston 0-0: Foul Ball, location: 2F
0-1: Ball
1-1: Ball
2-1: Swinging Strike
2-2: Fly out, F7 (Line Drive, 7, EV 90.0 MPH)
Batting: RHB Ryan Short 0-0: Ball
1-0: Ball
2-0: Called Strike
2-1: DOUBLE (Line Drive, 78D, EV 109.4 MPH)
Batting: RHB Dusty Pollert 0-0: Ball
1-0: Foul Ball, location: 2F
1-1: Swinging Strike
1-2: Strikes out swinging
Bottom of the 3rd over - 0 runs, 1 hit, 0 errors, 1 left on base; Jacksonville 0 - Pensacola 1
TOP OF THE 4TH
Jacksonville Suns batting - Pitching for Pensacola Blue Wahoos : LHP Ed Chavez
Batting: RHB Tom Thompson 0-0: Ball
1-0: Swinging Strike
1-1: Called Strike
1-2: Ball
2-2: Strikes out swinging
Batting: LHB Adam Durgin 0-0: Ball
1-0: Fly out, F7 (Flyball, 7S, EV 80.0 MPH)
Batting: RHB Jake Shelton 0-0: Ball
1-0: Swinging Strike
1-1: Ground out 6-3 (Groundball, 56, EV 100.0 MPH)
Top of the 4th over - 0 runs, 0 hits, 0 errors, 0 left on base; Jacksonville 0 - Pensacola 1
BOTTOM OF THE 4TH
Pensacola Blue Wahoos batting - Pitching for Jacksonville Suns : RHP Jorge Lara
Batting: SHB Kristian Kristensen 0-0: Ball
1-0: Foul Ball, location: 2F
1-1: Swinging Strike
1-2: Ground out 6-3 (Groundball, 6, EV 109.4 MPH)
Batting: RHB David Clough 0-0: Ball
1-0: SINGLE (Line Drive, 56D, EV 96.2 MPH)
Batting: RHB Jon Marquez 0-0: Ball
1-0: Ball
2-0: Called Strike
2-1: Foul Ball, location: 2F
2-2: Foul Ball, location: 2F
2-2: Hit by Pitch
David Clough to second
Batting: RHB Tim Wormell 0-0: Ball
1-0: Ball
Wild Pitch!
David Clough to third
Jon Marquez to second
2-0: Foul Ball, location: 2F
2-1: Foul Ball, location: 2F
2-2: Foul Ball, location: 2F
2-2: Foul Ball, location: 2F
2-2: Ball
3-2: Strikes out swinging
Batting: LHB Nick Nino 0-0: Fly out, F6 (Line Drive, 4MD, EV 65.0 MPH)
Bottom of the 4th over - 0 runs, 1 hit, 0 errors, 2 left on base; Jacksonville 0 - Pensacola 1
TOP OF THE 5TH
Jacksonville Suns batting - Pitching for Pensacola Blue Wahoos : LHP Ed Chavez
Batting: LHB Jose Bregaro 0-0: Called Strike
0-1: Foul Ball, location: 2F
0-2: Foul Ball, location: 2F
0-2: Fly out, F7 (Flyball, 78M, EV 91.2 MPH)
Batting: RHB Gavin Helton 0-0: Swinging Strike
0-1: Ball
1-1: Swinging Strike
1-2: Fly out, F9 (Flyball, 9D, EV 91.9 MPH)
Batting: LHB Mike Kara 0-0: Ball
1-0: Ball
2-0: Called Strike
2-1: DOUBLE (Line Drive, 8LXD, EV 100.6 MPH)
Batting: RHB Pat Peterson 0-0: Ball
1-0: Ball
2-0: Ground out 5-3 (Groundball, 56S, EV 65.0 MPH)
Top of the 5th over - 0 runs, 1 hit, 0 errors, 1 left on base; Jacksonville 0 - Pensacola 1
BOTTOM OF THE 5TH
Pensacola Blue Wahoos batting - Pitching for Jacksonville Suns : RHP Jorge Lara
Batting: RHB Ben Hinman 0-0: Called Strike
0-1: Foul Ball, location: 2F
0-2: Ball
1-2: Ball
2-2: Fly out, F9 (Flyball, 9LS, EV 87.5 MPH)
Batting: SHB Bryan Johnston 0-0: Ground out 4-3 (Groundball, 4, EV 77.5 MPH)
Batting: RHB Ryan Short 0-0: Called Strike
0-1: Ball
1-1: Foul Ball, location: 2F
1-2: SINGLE (Groundball, 6, EV 94.4 MPH)
Batting: RHB Dusty Pollert 0-0: Ball
1-0: Ball
2-0: Fly out, F8 (Line Drive, 8LD, EV 93.8 MPH)
Bottom of the 5th over - 0 runs, 1 hit, 0 errors, 1 left on base; Jacksonville 0 - Pensacola 1
TOP OF THE 6TH
Jacksonville Suns batting - Pitching for Pensacola Blue Wahoos : LHP Ed Chavez
Batting: RHB Len Graham 0-0: Ground out 5-3 (Groundball, 5, EV 103.1 MPH)
Batting: RHB Rick Fell 0-0: Ball
1-0: Swinging Strike
1-1: Foul Ball, location: 2F
1-2: Fly out, F8 (Flyball, 8RM, EV 69.4 MPH)
Batting: RHB Tom Thompson 0-0: Ball
1-0: DOUBLE (Flyball, 8RXD, EV 100.0 MPH) - OUT at third base trying to stretch hit.
Top of the 6th over - 0 runs, 1 hit, 0 errors, 0 left on base; Jacksonville 0 - Pensacola 1
BOTTOM OF THE 6TH
Pensacola Blue Wahoos batting - Pitching for Jacksonville Suns : RHP Jorge Lara
Batting: SHB Kristian Kristensen 0-0: Ball
1-0: Called Strike
1-1: Ball
2-1: Called Strike
2-2: Strikes out looking
Batting: RHB David Clough 0-0: Called Strike
0-1: Ground out 4-3 (Groundball, 4S, EV 83.8 MPH)
Batting: RHB Jon Marquez 0-0: Fly out, F9 (Line Drive, 9, EV 89.4 MPH)
Bottom of the 6th over - 0 runs, 0 hits, 0 errors, 0 left on base; Jacksonville 0 - Pensacola 1
TOP OF THE 7TH
Jacksonville Suns batting - Pitching for Pensacola Blue Wahoos : LHP Ed Chavez
Batting: LHB Adam Durgin 0-0: Ball
1-0: Ball
2-0: Ball
3-0: Called Strike
3-1: Called Strike
3-2: Strikes out swinging
Batting: RHB Jake Shelton 0-0: Ground out 6-3 (Groundball, 6, EV 80.6 MPH)
Batting: LHB Jose Bregaro 0-0: Called Strike
0-1: Foul Ball, location: 2F
0-2: Ball
1-2: Ball
2-2: Ball
3-2: Strikes out looking
Top of the 7th over - 0 runs, 0 hits, 0 errors, 0 left on base; Jacksonville 0 - Pensacola 1
BOTTOM OF THE 7TH
Pensacola Blue Wahoos batting - Pitching for Jacksonville Suns : RHP Jorge Lara
Pitching: RHP Pedro Taveras
Batting: RHB Tim Wormell 0-0: Ball
1-0: Foul Ball, location: 2F
1-1: Ground out 4-3 (Groundball, 4M, EV 94.4 MPH)
Batting: LHB Nick Nino 0-0: Ball
1-0: Ball
2-0: Foul Ball, location: 2F
2-1: Ground out U3 (Groundball, 3, EV 105.0 MPH)
Batting: RHB Ben Hinman 0-0: Called Strike
0-1: Foul Ball, location: 2F
0-2: Strikes out swinging
Bottom of the 7th over - 0 runs, 0 hits, 0 errors, 0 left on base; Jacksonville 0 - Pensacola 1
TOP OF THE 8TH
Jacksonville Suns batting - Pitching for Pensacola Blue Wahoos : LHP Ed Chavez
Batting: RHB Gavin Helton 0-0: Ground out 5-3 (Groundball, 5S, EV 85.0 MPH)
Batting: LHB Mike Kara 0-0: DOUBLE (Line Drive, 78XD, EV 96.9 MPH)
Batting: RHB Pat Peterson 0-0: Called Strike
0-1: Foul Ball, location: 2F
0-2: Ball
1-2: Fly out, F2 (Popup, 3SF, EV 80.0 MPH)
Batting: RHB Len Graham 0-0: Ball
1-0: Called Strike
1-1: DOUBLE (Line Drive, 89D, EV 112.5 MPH)
Mike Kara scores
Pitching: RHP Vladislav Prochazka
Batting: RHB Rick Fell 0-0: Called Strike
0-1: Called Strike
0-2: Foul Ball, location: 2F
0-2: Ball
1-2: Fly out, F8 (Line Drive, 8LD, EV 88.1 MPH)
Top of the 8th over - 1 run, 2 hits, 0 errors, 1 left on base; Jacksonville 1 - Pensacola 1
BOTTOM OF THE 8TH
Pensacola Blue Wahoos batting - Pitching for Jacksonville Suns : RHP Pedro Taveras
Pitching: LHP Alex Villarreal
Batting: SHB Bryan Johnston 0-0: Ball
1-0: Swinging Strike
1-1: Foul Ball, location: 2F
1-2: Fly out, F8 (Flyball, 8LD, EV 99.4 MPH)
Batting: RHB Ryan Short 0-0: Ball
1-0: Ball
2-0: Foul Ball, location: 2F
2-1: DOUBLE (Line Drive, 7LD, EV 105.6 MPH)
Batting: RHB Dusty Pollert 0-0: Intentional Walk
Batting: SHB Kristian Kristensen 0-0: Swinging Strike
0-1: Swinging Strike
0-2: Strikes out swinging
Batting: RHB David Clough 0-0: Ball
1-0: Called Strike
1-1: Called Strike
1-2: SINGLE (Groundball, 6MD, EV 95.6 MPH)
Ryan Short to third
Dusty Pollert to second
Runner from 3rd tries for Home, SAFE, throw by CF to home
Batting: RHB Jon Marquez 0-0: Called Strike
0-1: Ball
1-1: Ball
2-1: Foul Ball, location: 2F
2-2: Ball
3-2: Foul Ball, location: 2F
3-2: SINGLE (Groundball, P, EV 83.8 MPH) (infield hit)
Dusty Pollert to third
David Clough to second
Batting: RHB Tim Wormell 0-0: Called Strike
0-1: Foul Ball, location: 2F
0-2: Strikes out swinging
Bottom of the 8th over - 1 run, 3 hits, 0 errors, 3 left on base; Jacksonville 1 - Pensacola 2
TOP OF THE 9TH
Jacksonville Suns batting - Pitching for Pensacola Blue Wahoos : RHP Vladislav Prochazka
Pitching: RHP Juan Hernandez
Batting: RHB Tom Thompson 0-0: Ball
1-0: Ball
2-0: Called Strike
2-1: Ball
3-1: Fly out, F7 (Flyball, 78S, EV 92.5 MPH)
Batting: LHB Adam Durgin 0-0: Called Strike
0-1: Ball
1-1: SINGLE (Line Drive, 4D, EV 103.8 MPH)
Pinch Hitting: LHB Jose Cabello 0-0: Ball
1-0: Grounds out, U3 (Groundball, 3L, EV 108.1 MPH)
Batting: LHB Jose Bregaro 0-0: Called Strike
0-1: Ball
1-1: Ball
2-1: Ball
3-1: Base on Balls
Batting: RHB Gavin Helton 0-0: Ball
1-0: Called Strike
1-1: Ball
Passed Ball!
Adam Durgin to third
Jose Bregaro to second
2-1: Called Strike
2-2: Ground out 4-3 (Groundball, 4M, EV 85.6 MPH)
Top of the 9th over - 0 runs, 1 hit, 0 errors, 2 left on base; Jacksonville 1 - Pensacola 2
Tuesday, September 13th , 2022 - OOTP Baseball 23.7 Build 88